 Dungeon Crawl Stone Soup version 0.31-a0-1-g4198be8af4 (webtiles) character file.

Game seed: 8405401705458776429

46 qeuew the Ducker (level 3, -4/25 HPs)
             Began as a Djinni Fire Elementalist on May 1, 2023.
             Constricted to death by Natasha (7 damage)
             ... on level 2 of the Dungeon.
             The game lasted 00:01:58 (1061 turns).

qeuew the Ducker (Djinni Fire Elementalist)         Turns: 1061, Time: 00:01:58

Health: -4/25      AC:  2    Str:  7    XL:     3   Next: 92%
Gold:   54         EV:  9    Int: 18    God:
                   SH:  0    Dex: 13

rFire   + + .        (no weapon)
rCold   x . .        (no shield)
rNeg    . . .        a - +0 robe
rPois   ∞            (no helmet)
rElec   .            (no cloak)
rCorr   .            (no gloves)
SInv    .            (boots unavailable)
Will    .....        (no amulet)
Stlth   ++           (no ring)
HPRegen 0.24/turn    (no ring)
MPRegen 0.00/turn

%: infuse magic (-5 HP)
@: grasped by roots, flying, slowed, constricted, very slow
A: sickness immunity, fire resistance 2, cold vulnerability 1, float, innate
caster, HP casting, extra vitality 1
a: no special abilities


You were on level 2 of the Dungeon.
You visited 1 branch of the dungeon, and saw 2 of its levels.

You collected 54 gold pieces.

Inventory:

Armour
 a - a +0 robe (worn)
Jewellery
 d - a +6 ring of strength
Scrolls
 c - a scroll of noise {unknown}


   Skills:
 + Level 3.0 Dodging
 + Level 2.3 Stealth
 + Level 2.8 Spellcasting


You knew the following spells:

 Your Spells              Type           Power      Damage    Failure   Level
a - Foxfire               Conj/Fire      48%        2x1d6     4%          1
b - Scorch                Fire           24%        2d6       8%          2
c - Volatile Blastmotes   Fire/Tloc      24%        2d12      16%         3
d - Inner Flame           Hex/Fire       12%        N/A       16%         3
e - Flame Wave            Conj/Fire      12%        2d6       45%         4
f - Freeze                Ice            48%        1d6       4%          1
Your spell library was empty.

Dungeon Overview and Level Annotations

Branches:
Dungeon (2/15)

Altars:

Shops:
D:1 =

Annotations:
D:2 Natasha


Innate Abilities, Weirdness & Mutations

You are immune to sickness and miasma.
You are immune to poison.
Your flesh is very heat resistant. (rF++)
You are vulnerable to cold. (rC-)
You float through the air rather than walking.
You learn spells naturally, not from books.
Your magical power is your life essence.
You have superior vitality. (+4 MHP)


Message History

The hobgoblin misses you. The endoplasm closely misses you.
Unknown command.
Your foxfire dissipates!
The foxfire hits the hobgoblin.
You kill the hobgoblin!
You feel better. The endoplasm misses you.
Casting: Foxfire (safe; 5% risk of failure)
Press: ? - help, Q - select action, (/) - cycle Dir - look around, f - activate You conjure some foxfire!
Natasha stares at you and mumbles some strange words.
You feel yourself slow down. The endoplasm closely misses you.
Unknown command.
The foxfire hits the endoplasm.
The endoplasm is almost dead.
The foxfire hits the endoplasm.
You kill the endoplasm!
Unknown command.
Casting: Foxfire (safe; 4% risk of failure)
Press: ? - help, Q - select action, (/) - cycle Dir - look around, f - activate You conjure some foxfire!
Natasha claws you but does no damage. Natasha completely misses you.
Your magical contamination has completely faded away.
Unknown command.
The foxfire hits Natasha.
Natasha is lightly wounded.
The foxfire hits Natasha.
Natasha is moderately wounded.
Natasha zaps a wand.
The roots erupt in riotous growth!
The grasping roots grab you! The grasping roots constrict you.
* * * LOW HITPOINT WARNING * * *
Unknown command.
Casting: Foxfire (safe; 4% risk of failure)
Press: ? - help, Q - select action, (/) - cycle Dir - look around, f - activate You conjure some foxfire!
* * * LOW HITPOINT WARNING * * *
The foxfire hits Natasha.
Natasha is heavily wounded.
The grasping roots constrict you!
You die...

##...'.......#
#.###.......# #.#
#.......# #######
..# #.......#
....... ....
+.......# .......
...## #.......#
....... ###.
#.......# .......
#. #......v#
.......
#......@###.......
...##+##h..........
... #...†!...... ..
#........###
#........#
#........#
#.........?
#...........
#...........


You could see Natasha (ally target).

Vanquished Creatures
  Natasha (D:2)
  A bat (D:1)
  2 endoplasms (D:2)
  A goblin (D:1)
  2 hobgoblins (D:2)
  3 jackals (D:1)
  A ball python (D:2)
  5 frilled lizards
  3 kobolds
  2 rats (D:1)
21 creatures vanquished.

Vanquished Creatures (others)
  51 foxfires
51 creatures vanquished.

Grand Total: 72 creatures vanquished

Notes
Turn   | Place    | Note
-------+----------+-------------------------------------------
     0 | D:1      | qeuew the Djinni Fire Elementalist began the quest for the
                  | Orb.
     0 | D:1      | qeuew set off with the following spells memorised: Foxfire,
                  | Scorch, Volatile Blastmotes, Inner Flame, Flame Wave.
     0 | D:1      | Reached XP level 1. HP: 15/15 MP: 0/0
   119 | D:1      | Found Boomikk's Jewellery Boutique.
   206 | D:1      | Reached XP level 2. HP: 20/21 MP: 0/0
  1043 | D:2      | Noticed Natasha
  1048 | D:2      | Killed Natasha
  1049 | D:2      | Reached skill level 3 in Dodging
  1049 | D:2      | Reached XP level 3. HP: 17/25 MP: 0/0
  1049 | D:2      | Learned a level 1 spell: Freeze
  1052 | D:2      | Noticed Natasha
  1061 | D:2      | Constricted to death by Natasha

Illustrated notes

Levels and vault maps discovered:
D:1:      enne_arrival_octagon_isle, layout_loops_ring, serial_shops, shop
D:2:      layout_basic, uniq_natasha

Skill      XL: |  1  2 |
---------------+-------+-----
Stealth        | 2 |  2.3
Dodging        | 3 |  3.0
Spellcasting   | |  2.8

Action                     || total
---------------------------++-------
  Melee: Unarmed           ||    18
   Cast: Foxfire           ||    40
    Use: Potion            ||     4
         Scroll            ||     2
 Armour: Robe              ||    10
  Dodge: Dodged            ||    26

Table legend: (Time is in decaauts)
 A = Elapsed time spent in this place.
 B = Non-inter-level travel time spent in this place.
 C = Inter-level travel time spent in this place.
 D = Time resting spent in this place.
 E = Time spent auto-exploring this place.
 F = Levels seen in this place.
 G = Mean time per level.
                   A        B        C        D        E       F      G
               +--------+--------+--------+--------+--------+-----+--------+
         Total |   1062 |   1059 |      3 |      0 |    904 |   2 |  531.0 |
       Dungeon |   1062 |   1059 |      3 |      0 |    904 |   2 |  531.0 |
               +--------+--------+--------+--------+--------+-----+--------+

Top non-repeatable levels by time:
     D:1: 770 daAuts
     D:2: 292 daAuts
